 Dungeon Crawl Stone Soup version 0.19-a0-1168-g98094fc (webtiles) character file.

26107 Akrasiac the Nimble (level 13, -5/156 HPs)
             Began as a Human Fire Elementalist on Aug 14, 2016.
             Was a High Priest of Vehumet.
             Slain by Rupert
             ... wielding a +3 battleaxe of chopping
              (9 damage)
             ... on level 4 of the Lair of Beasts.
             The game lasted 00:50:57 (17847 turns).

Akrasiac the Nimble (Human Fire Elementalist)      Turns: 17847, Time: 00:50:59

Health: -5/156     AC: 26    Str: 13    XL:     13   Next: 55%
Magic:  6/26       EV:  2    Int: 22    God:    Vehumet [*****.]
Gold:   687        SH:  0    Dex: 18    Spells: 9 memorised, 2 levels left

rFire  + . .     SeeInvis .     a - +11 demon whip of Punishment {slash, rElec Str+4 Int+3 Stlth+}
rCold  . . .     Gourm    .     (armour currently unavailable)
rNeg   + + +     Faith    .     (no shield)
rPois  +         Spirit   .     (helmet currently unavailable)
rElec  +         Dismiss  .     (cloak currently unavailable)
rCorr  .         Reflect  .     (gloves currently unavailable)
MR     .....     Harm     .     (boots currently unavailable)
Stlth  ++++...... NoTele   +    (no amulet)
                                D - +3 ring of dexterity
                                j - ring of protection from fire

@: tree-form
A: no striking features
a: Renounce Religion


You were on level 4 of the Lair of Beasts.
You worshipped Vehumet.
Vehumet was extremely pleased with you.
You were very hungry.
You were a tree.
You visited 2 branches of the dungeon, and saw 13 of its levels.
You also visited: Sewer.

You collected 687 gold pieces.

Inventory:

Hand Weapons
 a - the +11 demon whip of Punishment (weapon) {slash, rElec Str+4 Int+3 Stlth+}
   (You found it on level 8 of the Dungeon)

   It inflicts extra damage upon your enemies.
   It affects your strength (+4).
   It affects your intelligence (+3).
   It insulates you from electricity.
   It makes you more stealthy.
Missiles
 G - 3 throwing nets (quivered)
Armour
 f - a +0 helmet (melded)
 g - a +0 robe (melded)
 s - a cursed +0 pair of gloves (melded)
 T - a +0 pair of boots (melded)
Magical Staves
 S - an uncursed staff of cold
Jewellery
 j - a ring of protection from fire (left branch)
 o - an uncursed ring of resist corrosion {unknown}
 D - a +3 ring of dexterity (right branch)
 H - an uncursed ring of wizardry
Wands
 l - a wand of acid (5/15)
 P - a wand of polymorph (14/24)
 Q - a wand of teleportation (5/9)
 W - a wand of polymorph (16/24)
Scrolls
 h - 3 scrolls of recharging
 r - 8 scrolls of teleportation
 t - 9 scrolls of remove curse
 w - 3 scrolls of immolation {unknown}
 x - 2 scrolls of enchant weapon {unknown}
 y - 2 scrolls of amnesia {unknown}
 E - 2 scrolls of magic mapping {unknown}
 J - 2 scrolls of brand weapon {unknown}
 M - a scroll of fear
 N - 3 scrolls of enchant armour
 R - 2 scrolls of noise
 V - a scroll of blinking
Potions
 d - a potion of magic {unknown}
 e - 3 potions of lignification
 i - 2 potions of might {unknown}
 k - 2 potions of heal wounds
 m - 12 potions of curing
 q - 2 potions of flight {unknown}
 v - 4 potions of agility
 z - 2 potions of haste {unknown}
 A - 2 potions of brilliance {unknown}
 B - 2 potions of cure mutation {unknown}
 C - a potion of cancellation {unknown}
 L - 3 potions of berserk rage {unknown}
 O - a potion of ambrosia
 Y - a potion of resistance {unknown}
Books
 b - a book of Flames

   Spells                             Type                      Level
   a - Flame Tongue                   Conjuration/Fire             1
   b - Throw Flame                    Conjuration/Fire             2
   c - Conjure Flame                  Conjuration/Fire             3
   d - Inner Flame                    Hexes/Fire                   3
   e - Sticky Flame                   Conjuration/Fire             4
   f - Fireball                       Conjuration/Fire             5
 n - a book of Frost

   Spells                             Type                      Level
   a - Freeze                         Ice                          1
   b - Throw Frost                    Conjuration/Ice              2
   c - Ozocubu's Armour               Charms/Ice                   3
   d - Throw Icicle                   Conjuration/Ice              4
   e - Summon Ice Beast               Ice/Summoning                4
 F - a book of Conjurations

   Spells                             Type                      Level
   a - Magic Dart                     Conjuration                  1
   b - Searing Ray                    Conjuration                  2
   c - Dazzling Spray                 Conjuration/Hexes            3
   d - Fulminant Prism                Conjuration/Hexes            4
   e - Iskenderun's Mystic Blast      Conjuration                  4
   f - Iskenderun's Battlesphere      Conjuration/Charms           5
 U - a book of Spatial Translocations

   Spells                             Type                      Level
   a - Apportation                    Translocation                1
   b - Blink                          Translocation                2
   c - Shroud of Golubria             Charms/Translocation         2
   d - Portal Projectile              Translocation                3
   e - Teleport Other                 Translocation                3
   f - Passage of Golubria            Translocation                4
Comestibles
 c - 11 bread rations
 p - 9 slices of pizza
 u - 3 meat rations


   Skills:
 - Level 10.7 Fighting
 - Level 11.0 Dodging
 - Level 2.0 Stealth
 * Level 9.0 Spellcasting
 - Level 9.8 Conjurations
 - Level 9.3 Fire Magic


You had 2 spell levels left.
You knew the following spells:

 Your Spells              Type           Power        Failure   Level  Hunger
a - Flame Tongue          Conj/Fire      #####        1%          1    None
b - Throw Flame           Conj/Fire      ######       1%          2    None
c - Conjure Flame         Conj/Fire      ######..     1%          3    None
d - Inner Flame           Hex/Fire       ####....     1%          3    None
e - Sticky Flame          Conj/Fire      ######..     1%          4    ##.....
f - Fireball              Conj/Fire      ######....   1%          5    #####..
g - Force Lance           Conj/Tloc      ####....     3%          4    ##.....
h - Blink                 Tloc           N/A          12%         2    None
i - Throw Icicle          Conj/Ice       ####....     3%          4    ##.....


Dungeon Overview and Level Annotations

Branches:
Dungeon (9/15)             Temple (0/1) D:4            Lair (4/6) D:9
  Swamp (0/4) Lair:2        Snake (0/4) Lair:2
    Orc: D:9-12

Altars:
Ashenzari
Cheibriados
Elyvilon
Gozag
Hepliaklqana
Kikubaaqudgha
Pakellas
Qazlal
Ru
Sif Muna
Trog
Uskayaw
Vehumet
Xom

Annotations:
D:5 exclusion: downstairs
D:6 Lasiace's ghost, novice OgHu
D:7 Joseph
D:8 exclusion: downstairs
Lair:4 Rupert; Snorg


Message History

Aim: Rupert, wielding a battleaxe of chopping and wearing a runed scale mail (heavily wounded, berserk, fast, unusually strong)
The sticky flame hits Rupert.
Rupert resists.
Rupert is heavily wounded.
Rupert is covered in liquid flames!
You are feeling very hungry.
Rupert hits you with a battleaxe of chopping.
Evoke which item? (* to show all) (? for menu, Esc to quit)
Okay, then.
Press: ? - help, v - describe, . - travel
Here: Rupert, wielding a battleaxe of chopping and wearing a runed scale mail (heavily wounded, berserk, fast, unusually strong, covered in liquid flames)
The floor, spattered with blood.
Unknown command.
You whack Rupert!
Rupert is heavily wounded.
Rupert burns!
Rupert hits you with a battleaxe of chopping!!
* * * LOW HITPOINT WARNING * * *
x2 Rupert hits you with a battleaxe of chopping!!
* * * LOW HITPOINT WARNING * * *
You die...

.#.........###
.............## ###.
..............# #....
..............##
......
...............#
#..?#
..............####§.#
............#...#..#
.#####..P.#.##..@##.#
#######.P...P...♣# #
.#.##....#......##
.....#..#......##
............##.#
............P###
...........P##
..........###
.......†.##
..........#


You could see Rupert (berserk).

Vanquished Creatures
  Gastronok (Lair:1)
  4 hydras
  A lindwurm (Lair:3)
  A griffon (Lair:3)
  3 black mambas
  6 spiny frogs
  2 komodo dragons
  3 trolls
  Grinder (D:5)
  10 blink frogs
  A spriggan (D:9)
  A wyvern (Lair:2)
  33 yaks
  A basilisk (Lair:2)
  6 hippogriffs
  Menkaure (D:7)
  6 nagas (Lair:2)
  Duvessa (D:7)
  10 water moccasins
  6 porcupines
  2 black bears (D:9)
  3 orc warriors
  A sky beast (D:8)
  2 ice beasts (D:8)
  A phantom (D:6)
  19 wolves
  2 necrophages
  An ogre (D:6)
  7 crocodiles
  The ghost of wearedevo the Grave Robber, an amateur VSNe (Sewer)
  14 giant frogs
  Dowan (D:7)
  4 scorpions
  4 howler monkeys
  7 electric eels
  2 crimson imps
  A centaur zombie (D:7)
  9 hounds
  3 jellies
  2 orc priests (D:9)
  10 orc wizards
  A centaur skeleton (D:4)
  6 iguanas
  3 worker ants
  18 sheep
  A killer bee zombie (D:7)
  A hound skeleton (D:9)
  2 howler monkey zombies
  A worker ant zombie (D:7)
  13 adders
  18 river rats
  A shadow imp (D:5)
  4 oozes
  An adder zombie (D:9)
  A worm (D:4)
  3 dart slugs
  3 giant geckos
  29 orcs
  A ball python (D:4)
  13 giant cockroaches
  9 goblins
  9 hobgoblins
  18 jackals
  A ball python skeleton (D:4)
  9 bats
  A giant gecko skeleton (D:6)
  A giant gecko zombie (D:7)
  7 giant newts
  A jackal skeleton (D:5)
  16 kobolds
  A quokka skeleton (D:6)
  12 rats
  A fungus (Lair:2)
400 creatures vanquished.

Vanquished Creatures (others)
  3 fungi
  A plant (Lair:1)
4 creatures vanquished.

Grand Total: 404 creatures vanquished

Notes
Turn   | Place    | Note
-------+----------+-------------------------------------------
     0 | D:1      | Akrasiac the Human Fire Elementalist began the quest for the Orb.
     0 | D:1      | Reached XP level 1. HP: 13/13 MP: 3/3
   142 | D:1      | Reached XP level 2. HP: 19/19 MP: 1/5
   837 | D:1      | Reached XP level 3. HP: 23/24 MP: 4/6
  1041 | D:1      | Learned a level 2 spell: Throw Flame
  1045 | D:1      | Learned a level 3 spell: Conjure Flame
  1344 | D:2      | Found a deep blue altar of Sif Muna.
  1696 | D:2      | Found a radiant altar of Vehumet.
  1707 | D:2      | Became a worshipper of Vehumet
  1719 | D:2      | Found an oddly glowing altar of Pakellas.
  1865 | D:2      | Reached XP level 4. HP: 24/30 MP: 1/7
  1973 | D:3      | You fall through a shaft for 2 floors!
  1973 | D:5      | Entered Level 5 of the Dungeon
  1973 | D:5      | Noticed Grinder
  1986 | D:5      | Paralysed by Grinder for 2 turns
  2010 | D:5      | Paralysed by Grinder for 6 turns
  2024 | D:5      | Noticed an ogre
  2451 | D:4      | Reached XP level 5. HP: 28/35 MP: 5/9
  2490 | D:4      | Learned a level 3 spell: Inner Flame
  2505 | D:4      | Found a staircase to the Ecumenical Temple.
  2864 | D:3      | Reached * piety under Vehumet
  2864 | D:3      | Offered knowledge of Shock by Vehumet.
  2914 | D:3      | Reached XP level 6. HP: 31/41 MP: 0/12
  2983 | D:3      | Learned a level 4 spell: Sticky Flame
  3112 | D:3      | Found a shattered altar of Ashenzari.
  4157 | D:4      | Reached XP level 7. HP: 43/46 MP: 9/13
  4181 | D:4      | Offered knowledge of Freeze by Vehumet.
  4181 | D:4      | Reached skill level 5 in Fire Magic
  4313 | D:4      | Reached ** piety under Vehumet
  4349 | D:4      | Found a bloodstained altar of Trog.
  4923 | D:5      | Found a hazy altar of Hepliaklqana.
  5234 | D:5      | Killed Grinder
  5234 | D:5      | Reached skill level 5 in Conjurations
  5234 | D:5      | Reached XP level 8. HP: 52/52 MP: 3/14
  5411 | D:5      | Found an opulent altar of Gozag.
  5909 | D:6      | Found a glowing drain.
  5940 | D:6      | Offered knowledge of Throw Frost by Vehumet.
  5997 | Sewer    | Entered a sewer
  6312 | Sewer    | Noticed wearedevo's ghost (amateur VSNe)
  6313 | Sewer    | Killed wearedevo's ghost
  6371 | Sewer    | Reached *** piety under Vehumet
  6630 | D:6      | Noticed Lasiace's ghost (novice OgHu)
  6838 | D:6      | Found an ancient bone altar of Kikubaaqudgha.
  6848 | D:6      | Found a snail-covered altar of Cheibriados.
  7202 | D:6      | Found a shimmering altar of Xom.
  7287 | D:6      | Reached skill level 5 in Spellcasting
  7287 | D:6      | Reached XP level 9. HP: 56/57 MP: 0/16
  7313 | D:6      | Offered knowledge of Force Lance by Vehumet.
  7703 | D:7      | Noticed Dowan
  7706 | D:7      | Noticed Duvessa
  7727 | D:7      | Killed Duvessa
  7728 | D:7      | Killed Dowan
  7874 | D:7      | Learned a level 5 spell: Fireball
  7878 | D:7      | Noticed Joseph
  8238 | D:7      | Noticed Menkaure
  8242 | D:7      | Killed Menkaure
  8366 | D:7      | Found a sacrificial altar of Ru.
  8438 | D:7      | Learned a level 4 spell: Force Lance
  9032 | D:8      | Got a twisted demon whip
  9036 | D:8      | Identified the +11 demon whip of Punishment {slash, rElec Str+4 Int+3 Stlth+} (You found it on level 8 of the Dungeon)
  9245 | D:8      | Reached **** piety under Vehumet
  9472 | D:9      | Noticed a troll
  9486 | D:8      | Killed a troll
  9486 | D:8      | Reached XP level 10. HP: 13/63 MP: 1/22
  9679 | D:9      | HP: 3/63 [orc wizard/magic dart (8)]
  9978 | D:8      | Offered knowledge of Ignite Poison by Vehumet.
 10332 | D:9      | Found a staircase to the Lair.
 10821 | D:9      | Reached ***** piety under Vehumet
 10822 | D:9      | Offered knowledge of Spellforged Servitor by Vehumet.
 10846 | D:9      | Reached XP level 11. HP: 33/68 MP: 1/23
 11126 | D:9      | Reached skill level 3 in Dodging
 11183 | D:9      | Reached skill level 1 in Fighting
 11566 | D:9      | Found a hide-covered altar of Uskayaw.
 11566 | D:9      | Found a white marble altar of Elyvilon.
 11567 | D:9      | Found a stormy altar of Qazlal.
 11618 | Lair:1   | Entered Level 1 of the Lair of Beasts
 11629 | Lair:1   | Reached skill level 4 in Dodging
 11734 | Lair:1   | Reached skill level 5 in Dodging
 12429 | Lair:1   | Reached skill level 6 in Dodging
 12638 | Lair:1   | Noticed a six-headed hydra
 13006 | Lair:1   | Reached skill level 7 in Dodging
 13284 | Lair:1   | Noticed Gastronok
 13403 | Lair:1   | Killed Gastronok
 13403 | Lair:1   | Reached skill level 5 in Fighting
 13403 | Lair:1   | Reached skill level 8 in Dodging
 13403 | Lair:1   | Reached XP level 12. HP: 87/87 MP: 24/24
 13914 | Lair:2   | Reached skill level 9 in Dodging
 14441 | Lair:2   | Found a staircase to the Swamp.
 14580 | Lair:2   | Found a staircase to the Snake Pit.
 14701 | Lair:2   | Noticed a five-headed hydra
 14708 | Lair:2   | Killed a five-headed hydra
 14708 | Lair:2   | Reached skill level 10 in Dodging
 14755 | Lair:2   | Noticed a seven-headed hydra
 14774 | Lair:2   | Killed a seven-headed hydra
 14949 | Lair:2   | Learned a level 2 spell: Blink
 15056 | Lair:2   | You fall through a shaft for 2 floors!
 15083 | Lair:4   | Noticed Snorg
 15363 | Lair:4   | Noticed a five-headed hydra
 15375 | Lair:4   | Killed a five-headed hydra
 15375 | Lair:4   | Reached XP level 13. HP: 73/99 MP: 9/25
 15516 | Lair:3   | Noticed an eight-headed hydra
 15531 | Lair:3   | Killed an eight-headed hydra
 15757 | Lair:3   | Reached skill level 11 in Dodging
 16309 | Lair:3   | Reached skill level 10 in Fighting
 16747 | Lair:3   | Learned a level 4 spell: Throw Icicle
 17828 | Lair:4   | Noticed Rupert
 17847 | Lair:4   | HP: 4/156 [Rupert/battleaxe of chopping (31)]
 17847 | Lair:4   | Slain by Rupert

Vault maps used:
D:1:      co_arrival_random_square_maze
D:2:      overflow_temple_1_default, overflow_temple_1_default,
          lemuel_round_altar, first_bread
D:3:      lemuel_round_altar
D:4:      kennysheep_little_box
D:5:      lemuel_coloured_pillars_altar, nicolae_gozag_seed_capital,
          uniq_grinder
D:6:      tgw_xom, amethyst_overflow_temple_binary, gup_sewer_entry_glass
D:7:      lemuel_round_altar, uniq_menkaure, uniq_joseph, uniq_duvessa
D:9:      gammafunk_temple_overflow_claw, erik_lair_island, grunt_pizzeria
Lair:1:   grunt_megastairs_5, uniq_gastronok
Lair:2:   swamp_mist_pool, minmay_snake_entry_guardpost_large,
          nicolae_quartered_pool_super
Lair:3:   minmay_lindwurm_lava
Lair:4:   grunt_megastairs_2, uniq_rupert, uniq_snorg
Sewer:    kennysheep_pipe_town

Skill      XL: |  1  2  3  4  5  6  7  8  9 10 11 12 13 |
---------------+----------------------------------------+-----
Fire Magic     | 4 5 6 7 9 |  9.3
Spellcasting   | 3 4 5 8 9 |  9.0
Conjurations   | 3 5 7 9 |  9.8
Dodging        | 8 10 11 | 11.0
Fighting       | 5 8 10 | 10.7
Stealth        | |  2.0

Action                   |  1- 3 |  4- 6 |  7- 9 | 10-12 | 13-15 || total
-------------------------+-------+-------+-------+-------+-------++-------
Melee: Mace              |    23 |    15 |       |       |       ||    38
       Trident           |       |    14 |    34 |       |       ||    48
       Dagger            |       |       |    90 |       |       ||    90
       Demon whip        |       |       |     2 |    98 |    53 ||   153
 Cast: Flame Tongue      |    64 |   111 |   194 |   281 |    85 ||   735
       Conjure Flame     |       |     5 |     7 |    21 |     8 ||    41
       Throw Flame       |       |     8 |    38 |    82 |    26 ||   154
       Sticky Flame      |       |       |     5 |    37 |    17 ||    59
       Force Lance       |       |       |     2 |    13 |     5 ||    20
       Fireball          |       |       |     1 |     4 |     4 ||     9
       Inner Flame       |       |       |       |     4 |     2 ||     6
       Throw Icicle      |       |       |       |       |    23 ||    23
       Blink             |       |       |       |       |     1 ||     1
Evoke: Wand              |       |       |     1 |       |       ||     1
  Use: Scroll            |       |     9 |     2 |     5 |     5 ||    21
       Potion            |       |       |     1 |     2 |     3 ||     6
 Stab: Sleeping          |       |       |     1 |       |       ||     1
       Distracted        |       |       |       |     1 |       ||     1
  Eat: Chunk             |     4 |     7 |     9 |    20 |     9 ||    49
       Fruit             |       |     1 |     8 |       |       ||     9
       Beef jerky        |       |       |     2 |       |       ||     2
       Pizza             |       |       |       |     1 |     2 ||     3
Armor: Robe              |    12 |    19 |    25 |    17 |    14 ||    87
Dodge: Dodged            |    49 |    88 |   129 |   144 |   113 ||   523
